 Dungeon Crawl Stone Soup version 0.17.2-1-ge4368a0 (webtiles) character file.

156 Goblin1989 the Cudgeler (level 5, 0/41 HPs)
             Began as a Demonspawn Fighter on Sept 19, 2016.
             Killed from afar by a hobgoblin (3 damage)
             ... with a wand of magic darts
             ... on level 3 of the Dungeon.
             The game lasted 00:06:43 (2723 turns).

Goblin1989 the Cudgeler (Demonspawn Fighter)        Turns: 2723, Time: 00:06:43

Health: 0/41       AC:  7    Str: 17    XL:     5   Next: 14%
Magic:  14/14      EV:  6    Int: 10    God:
Gold:   170        SH:  9    Dex: 14    Spells: 0 memorised, 4 levels left

rFire  . . .     SeeInvis .     a - +0 flail
rCold  . . .     Clarity  .     b - +0 scale mail
rNeg   . . .     SustAt   .     c - +0 shield
rPois  .         Gourm    .     (no helmet)
rElec  .         Spirit   .     n - +0 cloak
rCorr  .         Warding  .     (no gloves)
rMut   .         Stasis   .     (no boots)
MR     +....                    (no amulet)
Stlth  +.........               q - ring of protection from magic
                                f - ring of magical power

@: somewhat resistant to hostile enchantments, very unstealthy
A: thin skeletal structure 1, powered by pain 1, rot immunity
a: no special abilities


You were on level 3 of the Dungeon.
You were not hungry.

You visited 1 branch of the dungeon, and saw 3 of its levels.

You collected 170 gold pieces.

Inventory:

Hand Weapons
 a - a +0 flail (weapon)
Armour
 b - a +0 scale mail (worn)
 c - a +0 shield (worn)
 j - a +0 plate armour
 n - a +0 cloak (worn)
Jewellery
 f - a ring of magical power (left hand)
 q - a ring of protection from magic (right hand)
Scrolls
 g - a scroll of amnesia {unknown}
 h - 2 scrolls of fear {unknown}
 i - 4 scrolls of remove curse {unknown}
 l - 3 scrolls of teleportation {unknown}
Potions
 d - a potion of might
 k - 2 potions of curing {unknown}
 m - a potion of resistance {unknown}
Comestibles
 e - 2 bread rations
 o - 2 chunks of flesh
 p - 3 fruits


   Skills:
 - Level 3.0 Fighting
 + Level 4.9 Maces & Flails
 - Level 2.6 Armour
 - Level 2.6 Shields


You had 4 spell levels left.
You didn't know any spells.

Dungeon Overview and Level Annotations

Branches:
Dungeon (3/15)

Altars:
Vehumet


Innate Abilities, Weirdness & Mutations

You have a somewhat thin skeletal structure (Dex +2, Stealth).
You sometimes gain a little power by taking damage.
You are immune to rotting.


Message History

The hobgoblin is moderately wounded.
You block the goblin's attack.
The hobgoblin zaps a wand.
The magic dart hits you!
* * * LOW HITPOINT WARNING * * *
You take 4 damage, and have 5/41 hp.
Your shield and scale mail prevent you from hitting the hobgoblin.
The hobgoblin is moderately wounded.
You block the goblin's attack.
The hobgoblin hits you but does no damage.
You closely miss the hobgoblin.
The hobgoblin is moderately wounded.
The goblin hits you but does no damage. You block the hobgoblin's attack.
You barely miss the hobgoblin.
The hobgoblin is moderately wounded.
The goblin hits you with a dagger.
* * * LOW HITPOINT WARNING * * *
The hobgoblin zaps a wand.
The magic dart hits you!
You die...

#.#######
#..%....#
#........#
#...#....#
#........#
#.#._.#..#
#...g....#
#..@#....#
...###...g...#
#.......#####
...####..#
#..# #..# #).#
#..# #..#


You could see a hobgoblin and a goblin.

Vanquished Creatures
  Ijyb (D:2)
  3 adders (D:2)
  4 oozes
  A worm (D:2)
  2 giant geckos
  6 orcs (D:3)
  8 bats
  3 giant cockroaches
  7 goblins
  9 hobgoblins
  9 jackals
  6 kobolds
  A quokka (D:3)
  A ball python (D:1)
  2 giant newts
  4 rats
67 creatures vanquished.

Notes
Turn   | Place    | Note
--------------------------------------------------------------
     0 | D:1      | Goblin1989 the Demonspawn Fighter began the quest for the Orb.
     0 | D:1      | Reached XP level 1. HP: 18/18 MP: 1/1
   121 | D:1      | Gained mutation: You are immune to rotting. [demonic ancestry]
   121 | D:1      | Reached XP level 2. HP: 20/24 MP: 2/2
   918 | D:2      | Gained mutation: You sometimes gain a little power by taking damage. [demonic ancestry]
   918 | D:2      | Reached XP level 3. HP: 18/29 MP: 3/3
  1022 | D:2      | Noticed Ijyb
  1030 | D:2      | Killed Ijyb
  1064 | D:2      | Reached XP level 4. HP: 16/35 MP: 4/4
  1375 | D:2      | Reached skill level 4 in Maces & Flails
  2507 | D:3      | Gained mutation: You have a somewhat thin skeletal structure (Dex +2, Stealth). [demonic ancestry]
  2507 | D:3      | Reached XP level 5. HP: 41/41 MP: 5/5
  2709 | D:3      | Found a radiant altar of Vehumet.
  2723 | D:3      | Killed from afar by a hobgoblin

Action                   |  1- 3 |  4- 6 || total
-------------------------+-------+-------++-------
Melee: Flail             |   136 |   143 ||   279
  Eat: Chunk             |       |     2 ||     2
       Bread ration      |       |     1 ||     1
